 Dungeon Crawl Stone Soup version 0.28-b1 (webtiles) character file.

Game seed: 2501496546512933172

20 Kaptain the Digger (level 2, 0/16 HPs)
             Began as a Gargoyle Earth Elementalist on Jan 26, 2022.
             Slain by a gnoll (2 damage)
             ... on level 1 of the Dungeon.
             The game lasted 00:01:56 (736 turns).

Kaptain the Digger (Gargoyle Earth Elementalist)     Turns: 736, Time: 00:01:57

Health: 0/16       AC:  5    Str: 11    XL:     2   Next: 79%
Magic:  3/5        EV: 11    Int: 15    God:
Gold:   0          SH:  0    Dex: 10    Spells: 4/5 levels left

rFire   . . .      SeeInvis .   d - +1 hand axe (drain)
rCold   . . .      Faith    .   (no shield)
rNeg    + . .      Spirit   .   g - +0 leather armour
rPois   ∞          Reflect  .   (no helmet)
rElec   +          Harm     .   (no cloak)
rCorr   .          Rampage  .   (no gloves)
Will    .....                   (no boots)
Stlth   ++........              (no amulet)
HPRegen 0.05/turn               (no ring)
MPRegen 0.09/turn               (no ring)

@: no status effects
A: sickness immunity, AC +2, negative energy resistance 1, electricity
resistance, torment resistance 1, petrification resistance
a: no special abilities


You were on level 1 of the Dungeon.
You visited 1 branch of the dungeon, and saw 2 of its levels.

Inventory:

Hand Weapons
 d - a +1 hand axe of draining (weapon)
Missiles
 a - 4 javelins
 c - 42 stones
Armour
 g - a +0 leather armour (worn)
Jewellery
 b - a +4 ring of evasion
Scrolls
 e - a scroll of magic mapping {unknown}
Potions
 f - a potion of haste {unknown}


   Skills:
 + Level 0.4 Fighting
 + Level 0.5 Armour
 + Level 1.7 Dodging
 + Level 2.3 Stealth
 * Level 2.3 Spellcasting
 - Level 0.7 Transmutations
 * Level 4.0 Earth Magic


You had 4 spell levels left.
You knew the following spells:

 Your Spells              Type           Power      Damage    Failure   Level
a - Sandblast             Erth           26%        2d8       5%          1

Your spell library contained the following spells:

 Spells                   Type           Power      Damage    Failure   Level
 Passwall                 Tmut/Erth      6%         N/A       16%         2
 Stone Arrow              Conj/Erth      14%        3d7       36%         3
 Petrify                  Tmut/Erth      8%         N/A       71%         4


Dungeon Overview and Level Annotations

Branches:
Dungeon (2/15)

Altars:


Innate Abilities, Weirdness & Mutations

You are immune to sickness and miasma.
Your stone body is resilient. (AC +2)
You are immune to poison.
You resist negative energy. (rN+)
You are resistant to electric shocks. (rElec)
You are resistant to unholy torment.
You are immune to petrification.


Message History

There is an open door here.
There is a stone staircase leading down here.
You climb downwards.
There is a stone staircase leading up here.
Unknown command.
The bat closely misses you. The bat hits you but does no damage.
The bat misses you.
You hit the bat. You drain the bat.
You kill the bat!
A gnoll comes into view. It is wielding a +0 flail.
Found a scroll labelled XEVIAM NE IMUY.
A gnoll comes into view. It is wielding a +0 whip.
The gnoll shouts!
You hear a shout!
A gnoll comes into view. It is wielding a +0 whip.
The gnoll closely misses you.
You slash the gnoll!
The gnoll is heavily wounded.
The gnoll hits you with a +0 flail!
Ouch! That really hurt!
* * * LOW HITPOINT WARNING * * *
There is a stone staircase leading up here.
The gnoll hits you but does no damage.
You climb upwards.
There is a stone staircase leading down here.
Unknown command.
There is an open door here.
Aiming: Sandblast (safe; 5% risk of failure)
Press: ? - help, Q - select action, (/) - cycle Shift-Dir - straight line, f - gnoll
Aim: a gnoll, wielding a +0 flail (heavily wounded, 82% to hit)
The blast of sand hits the gnoll.
The gnoll is severely wounded.
The gnoll hits you with a +0 flail.
* * * LOW HITPOINT WARNING * * *
Aiming: Sandblast (safe; 5% risk of failure)
Press: ? - help, Q - select action, (/) - cycle Shift-Dir - straight line, f/p - gnoll
Aim: a gnoll, wielding a +0 flail (severely wounded, 82% to hit)
The blast of sand misses the gnoll.
The gnoll hits you with a +0 flail.
You die...

....##........##......).)........
....##............#.#.#.#..#.....
........#..#......#.#.#.#..#.##..
....###(.........................
....#####........................
##....#.............###..........
...##.#.........###.# #........#.
##.##.#......#..###.####...#.#.#.
...##.#......#..@g.........#.#...
##.##.###.#+###'###.......##.##..
#.##.###.........#.#####.#####.#
#.##...'.....>...#.# #.# #.#
#.....##.........#.# #.# #.#
#...†.##.........#.# #.# #.#
##.....##.........#.#####+## #..
##.....##.........#.##.....####.#
##.....############..'...........


You could see a gnoll.

Vanquished Creatures
  A dart slug (D:1)
  2 ball pythons (D:1)
  An endoplasm (D:1)
  A goblin (D:1)
  A hobgoblin (D:1)
  A kobold (D:1)
  3 quokkas (D:1)
  3 bats
  3 frilled lizards (D:1)
16 creatures vanquished.

Notes
Turn   | Place    | Note
-------+----------+-------------------------------------------
     0 | D:1      | Kaptain the Gargoyle Earth Elementalist began the quest for
                  | the Orb.
     0 | D:1      | Reached XP level 1. HP: 10/10 MP: 3/3
   204 | D:1      | Reached XP level 2. HP: 15/15 MP: 0/5
   463 | D:1      | Reached skill level 4 in Earth Magic
   736 | D:1      | Slain by a gnoll

Illustrated notes

Levels and vault maps discovered:
D:1:      dpeg_arrival_connections, layout_basic
D:2:      layout_basic, basic_altar, ebering_ecumenical_altar_box, uniq_jessica

Skill      XL: |  1  2 |
---------------+-------+-----
Earth Magic    | 4 |  4.0
Fighting       | |  0.4
Armour         | |  0.5
Dodging        | |  1.7
Stealth        | |  2.3
Spellcasting   | |  2.3
Transmutations | |  0.7

Action                   || total
-------------------------++-------
Melee: Hand axe          ||    14
 Cast: Sandblast         ||    11
 Stab: Sleeping          ||     2
Armor: Robe              ||     4
       Leather armour    ||     3
Dodge: Dodged            ||     8
